 Dungeon Crawl Stone Soup version 0.30-a0-465-g8901f6c8b5 (webtiles) character file.

Game seed: 4962903726492898485

4 Sabo the Sneak (level 1, 18/18 HPs)
             Began as an Armataur Brigand on Dec 18, 2022.
             Got out of the dungeon alive.
             The game lasted 00:00:57 (149 turns).

Sabo the Sneak (Armataur Brigand)                    Turns: 149, Time: 00:00:58

Health: 18/18      AC:  5    Str: 16    XL:     1   Next: 50%
Magic:  1/1        EV:  9    Int: 11    God:
Gold:   0          SH:  0    Dex: 11    Spells: 0/0 levels left

rFire   . . .      SeeInvis .    a - +2 dagger
rCold   . . .      Faith    .    (no shield)
rNeg    . . .      Spirit   .    b - +0 robe
rPois   .          Reflect  .    (no helmet)
rElec   .          Harm     .    c - +0 cloak
rCorr   .          Roll     +    (no gloves)
Will    .....                    (no barding)
Stlth   +++.......               (no amulet)
HPRegen 0.23/turn                (no ring)
MPRegen 0.07/turn                (no ring)

@: no status effects
A: large, rugged brown scales 3, deformed body, armoured tail, roll, long
tongue, awkward tongue
a: no special abilities


You escaped.
You visited 1 branch of the dungeon, and saw 1 of its levels.

Inventory:

Hand Weapons
 a - a +2 dagger (weapon)
Missiles
 d - 9 poisoned darts (quivered)
 e - 3 curare-tipped darts
Armour
 b - a +0 robe (worn)
 c - a +0 cloak (worn)
Scrolls
 f - a scroll of brand weapon {unknown}
 h - a scroll of teleportation {unknown}
Potions
 g - a potion of curing {unknown}


   Skills:
 + Level 1.7 Fighting
 + Level 1.7 Short Blades
 + Level 1.9 Throwing
 + Level 0.6 Dodging
 + Level 4.6 Stealth


You couldn't memorise any spells.
You didn't know any spells.
Your spell library was empty.

Dungeon Overview and Level Annotations

Branches:
Dungeon (1/15)

Altars:


Innate Abilities, Weirdness & Mutations

You are completely covered in rugged brown scales. (AC +3, +7% HP)
Armour fits poorly on your strangely shaped body.
You have a long armoured tail.
You roll when moving toward enemies. (Rampage)
Your long tongue fully drains potion bottles. (2x potion effects)
Your tongue gives you trouble enunciating. (1.5x scroll delay)


Message History

h - a scroll labelled RIOGEC DAPTES
Found 7 gold pieces.
A dart slug and a kobold come into view.
The kobold is wielding a +2 dagger of protection.
The dart slug launches a dart at you. The slug dart misses you.
The kobold shouts!
The kobold throws a stone.
The stone hits you but does no damage.
You hit the dart slug. You tail-slap the dart slug!
You kill the dart slug!
The kobold hits you with a +2 dagger of protection.
You see here a dart slug corpse.
You barely miss the kobold. The kobold hits you but does no damage.
You hit the kobold but do no damage.
The kobold hits you with a +2 dagger of protection.
You hit the kobold but do no damage. The kobold barely misses you.
You closely miss the kobold.
The kobold hits you with a +2 dagger of protection.
You hit the kobold.
The kobold is moderately wounded.
The kobold hits you with a +2 dagger of protection.
You barely miss the kobold.
The kobold is moderately wounded.
The kobold hits you but does no damage.
You hit the kobold but do no damage.
The kobold is moderately wounded.
The kobold hits you with a +2 dagger of protection.
You hit the kobold.
The kobold is severely wounded.
The kobold hits you but does no damage.
You hit the kobold.
You kill the kobold!
You start resting.
HP restored.
Things that are here:
a +2 dagger of protection; 5 stones
There is an open door here.
There is a staircase leading out of the dungeon here.
Are you sure you want to leave the Dungeon?
This will make you lose the game!
You have escaped!

#.# ##.# ##..#
#..##
#.############
#.#......#...#
#.#.###..#...#
#.#.#....#'###
#.#.#.⌠....#@# ##
#.......#..#.#
....#.....####.'.#
............#..#.#
.....##.#.⌠....#.#
##..# #.#....#'###
...# #.###..#...#
### #......#...#
############


There were no monsters in sight!

Vanquished Creatures
  A dart slug (D:1)
  A kobold (D:1)
2 creatures vanquished.

Notes
Turn   | Place    | Note
-------+----------+-------------------------------------------
     0 | D:1      | Sabo the Armataur Brigand began the quest for the Orb.
     0 | D:1      | Reached XP level 1. HP: 18/18 MP: 1/1
   149 | D:$      | Got out of the dungeon alive.

Illustrated notes

Levels and vault maps discovered:
D:1:      dpeg_arrival_court, layout_basic, minmay_tromino_i2

Action                   || total
-------------------------++-------
Melee: Dagger            ||    10
       Tailslap          ||     1
Armor: Robe              ||     4
Dodge: Dodged            ||     2

Table legend: (Time is in decaauts)
 A = Elapsed time spent in this place.
 B = Non-inter-level travel time spent in this place.
 C = Inter-level travel time spent in this place.
 D = Time resting spent in this place.
 E = Time spent auto-exploring this place.
 F = Levels seen in this place.
 G = Mean time per level.
                   A        B        C        D        E       F      G
               +--------+--------+--------+--------+--------+-----+--------+
         Total |    148 |    148 |      0 |     38 |      0 |   1 |  148.0 |
       Dungeon |    148 |    148 |      0 |     38 |      0 |   1 |  148.0 |
               +--------+--------+--------+--------+--------+-----+--------+

Top non-repeatable levels by time:
     D:1: 148 daAuts
